 Dungeon Crawl Stone Soup version 0.30-a0-883-g5ad918d77d (webtiles) character file.

Game seed: 7906088865607960121

5375 Dittersdorf the Blocker (level 10, -2/82 HPs)
             Began as a Human Fighter on Mar 15, 2023.
             Was a Priest of Okawaru.
             Succumbed to Erica's bolt of poison
             ... on level 8 of the Dungeon.
             The game lasted 00:14:53 (9766 turns).

Dittersdorf the Blocker (Human Fighter)             Turns: 9766, Time: 00:14:53

Health: -2/82      AC: 21    Str: 21    XL:     10   Next: 97%
Magic:  10/10      EV: 10    Int:  8    God:    Okawaru [***...]
Gold:   612        SH: 15    Dex: 13    Spells: 9/9 levels left

rFire   . . .      SeeInvis .    a - +1 long sword
rCold   . . .      Faith    .    i - +0 tower shield
rNeg    . . .      Spirit   .    D - +0 chain mail
rPois   .          Reflect  .    u - +2 helmet
rElec   .          Rampage  .    G - +0 cloak
rCorr   .                        c - +0 pair of gloves
Will    .....                    (no boots) Stlth
                                 (no amulet)
HPRegen 0.33/turn                C - +5 ring of evasion
MPRegen 0.12/turn                n - +4 ring of protection

@: lethally poisoned (-2 -> -12), slowed, very slow
A: no striking features
a: Renounce Religion, Heroism


You were on level 8 of the Dungeon.
You worshipped Okawaru.
Okawaru was most pleased with you.
You visited 2 branches of the dungeon, and saw 9 of its levels.
You also visited: Sewer.

You collected 612 gold pieces.

Inventory:

Hand Weapons
 a - a +1 long sword (weapon)
Armour
 c - a +0 pair of gloves (worn)
 i - a +0 tower shield (worn)
 u - a +2 helmet (worn)
 D - a +0 chain mail (worn)
 E - a +0 plate armour
 G - a +0 cloak (worn)
Jewellery
 e - a ring of willpower
 n - a +4 ring of protection (right hand)
 t - a ring of protection from fire
 C - a +5 ring of evasion (left hand)
Wands
 k - a wand of polymorph (14)
 p - a wand of flame (27)
 r - a wand of iceblast (5)
Scrolls
 l - 3 scrolls of enchant weapon
 o - 4 scrolls of teleportation
 v - 2 scrolls of fog
 y - a scroll of fear
 B - a scroll of blinking
Potions
 d - 3 potions of might
 f - a potion of mutation
 g - 3 potions of brilliance
 h - 2 potions of curing
 j - 3 potions of lignification
 m - 2 potions of magic {unknown}
 q - 4 potions of heal wounds
 s - a potion of resistance
 w - 4 potions of flight
 x - 2 potions of haste
 F - a potion of cancellation


   Skills:
 + Level 8.4 Fighting
 + Level 8.0 Long Blades
 + Level 8.3 Armour
 + Level 8.4 Shields


You had 9 spell levels left.
You didn't know any spells.
Your spell library contained the following spells:

 Spells                   Type           Power      Damage    Failure   Level
 Apportation              Tloc           0%         N/A       100%        1
 Necrotise                Necr           0%         1d4       100%        1
 Portal Projectile        Hex/Tloc       0%         N/A       100%        3
 Leda's Liquefaction      Hex/Erth       0%         N/A       100%        4
 Alistair's Intoxication  Tmut/Pois      0%         N/A       100%        5
 Borgnjor's Vile Clutch   Necr/Erth      0%         N/A       100%        5
 Freezing Cloud           Conj/Ice/Air   0%         6-21      100%        5
 Conjure Ball Lightning   Conj/Air       0%         3x3d6     100%        6
 Eringya's Noxious Bog    Tmut/Pois      0%         N/A       100%        6
 Discord                  Hex            0%         N/A       100%        8
 Disjunction              Tloc           0%         N/A       100%        8
 Polar Vortex             Ice            0%         N/A       100%        9
 Summon Small Mammal      Summ           Unusable   N/A       N/A         1
 Call Canine Familiar     Summ           Unusable   N/A       N/A         3
 Animate Dead             Necr           Unusable   N/A       N/A         4
 Simulacrum               Ice/Necr       Unusable   N/A       N/A         6
 Haunt                    Necr/Summ      Unusable   N/A       N/A         7
 Infestation              Necr           Unusable   N/A       N/A         8

Dungeon Overview and Level Annotations

Branches:
Dungeon (8/15)             Temple (1/1) D:6           Sewer (visited)
   Lair: D:8-11

Altars:
Ashenzari
Elyvilon
Fedhas
Hepliaklqana
Kikubaaqudgha
Nemelex Xobeh
Okawaru
Sif Muna
Trog
Vehumet
Wu Jian
Yredelemnul
Zin
The Shining One

Annotations:
D:8 Erica


Message History

Unknown command.
You feel very sick.
You hear some strange, mumbled words.
A lance of force appears from out of thin air!
The lance of force hits you!
You are knocked back by the lance of force.
You slam into the rock wall!
You feel very sick.
There is a stone staircase leading up here.
You feel very sick. You block something's attack.
You closely miss something.
You feel very sick.
You hear some strange, mumbled words.
A bolt of poison appears from out of thin air!
The bolt of poison hits you!
You are more poisoned.
You hit something.
You feel extremely sick.
You hear some strange, mumbled words.
A bolt of poison appears from out of thin air!
The bolt of poison hits you.
You are more poisoned.
Something completely misses you.
You hit something.
* * * LOW HITPOINT WARNING * * *
You feel extremely sick. Something hits you.
* * * LOW HITPOINT WARNING * * *
Something burns you.
* * * LOW HITPOINT WARNING * * *
You miss something.
* * * LOW HITPOINT WARNING * * *
You feel very sick. Something hits you.
* * * LOW HITPOINT WARNING * * *
Something burns you.
* * * LOW HITPOINT WARNING * * *
You miss something.
You die...

.....##..............#..##
.....#...................#
....[#...................#
#........................# ##
#...........#.#....#..#
.####..........#........##
..##...........#..####.<.##
............[......###....###
..###.....(...({@<.##.......#
.##................#...#...##
##...........##....#..######
#............#<.#.....#
................#....##
.#...........#......##
.#.....#.##..#.#.....##
...)..####...###......#
####.## ##.......##.##


There were no monsters in sight!

Vanquished Creatures
  Pikel (D:7)
  Psyche (D:8)
  Prince Ribbit (D:6)
  Eustachio (D:5)
  A wyvern (D:6)
  A wraith (D:7)
  Menkaure (D:6)
  Edmund (D:4)
  A water moccasin (D:6)
  Duvessa (D:7)
  An ice beast (D:6)
  3 sky beasts
  A black bear (D:3)
  4 centaurs
  6 ogres
  3 lemures (D:7)
  2 phantoms (D:6)
  Blork the orc (D:5)
  A kobold brigand (Sewer)
  6 bullfrogs
  5 scorpions
  5 wights
  Dowan (D:7)
  6 howler monkeys
  3 orc priests
  4 hounds
  A jelly (D:7)
  8 iguanas
  2 sleepcaps
  6 orc wizards
  A gnoll (D:7)
  8 adders
  4 river rats
  A shadow imp (D:7)
  3 white imps
  4 ufetubi
  6 worms
  2 dart slugs
  21 orcs
  5 ball pythons
  9 bats
  6 endoplasms
  2 giant cockroaches
  9 goblins
  5 hobgoblins
  4 jackals (D:4)
  11 quokkas
  3 frilled lizards (D:1)
  6 kobolds
  12 rats
201 creatures vanquished.

Vanquished Creatures (others)
  A sky beast (D:7)
  A fungus (D:3)
  A plant (D:3)
3 creatures vanquished.

Grand Total: 204 creatures vanquished

Notes
Turn   | Place    | Note
-------+----------+-------------------------------------------
     0 | D:1      | Dittersdorf the Human Fighter began the quest for the Orb.
     0 | D:1      | Reached XP level 1. HP: 18/18 MP: 1/1
   213 | D:1      | Reached XP level 2. HP: 15/24 MP: 2/2
   804 | D:2      | Reached XP level 3. HP: 29/29 MP: 3/3
  1133 | D:2      | Reached XP level 4. HP: 34/35 MP: 4/4
  1164 | D:2      | Found a sparkling altar of Nemelex Xobeh.
  1444 | D:3      | Found a glowing drain.
  1477 | Sewer    | Entered a sewer
  1494 | Sewer    | Reached XP level 5. HP: 42/42 MP: 5/5
  1991 | Sewer    | Noticed a kobold brigand
  1997 | Sewer    | Killed a kobold brigand
  1998 | Sewer    | Reached XP level 6. HP: 43/48 MP: 6/6
  2508 | D:3      | Found a faded altar of an unknown god.
  3145 | D:4      | Noticed a black bear
  3352 | D:3      | Killed a black bear
  3353 | D:3      | Reached XP level 7. HP: 53/55 MP: 7/7
  3538 | D:4      | Found a broken altar of Ashenzari.
  4049 | D:5      | Entered Level 5 of the Dungeon
  4179 | D:5      | Found a bloodstained altar of Trog.
  4201 | D:5      | Reached skill level 5 in Shields
  4257 | D:5      | Reached skill level 5 in Fighting
  4257 | D:5      | Reached skill level 5 in Armour
  4328 | D:5      | Reached XP level 8. HP: 55/62 MP: 8/8
  4395 | D:5      | Noticed Eustachio
  4401 | D:5      | Noticed Edmund
  4716 | D:4      | Killed Edmund
  4889 | D:5      | Killed Eustachio
  4890 | D:5      | Reached skill level 5 in Long Blades
  4951 | D:5      | Noticed Blork the orc
  4969 | D:5      | Killed Blork the orc
  5669 | D:6      | Reached XP level 9. HP: 68/69 MP: 9/9
  6391 | D:6      | Found a staircase to the Ecumenical Temple.
  6627 | Temple   | Entered the Ecumenical Temple
  6649 | Temple   | Became a worshipper of Warmaster Okawaru
  6676 | D:7      | Noticed Menkaure
  6810 | D:7      | Noticed Prince Ribbit
  6987 | D:7      | Noticed Duvessa
  6996 | D:6      | Killed Menkaure
  6998 | D:6      | HP: 2/71 [Prince Ribbit (5)]
  7000 | D:6      | Killed Prince Ribbit
  7000 | D:6      | Reached * piety under Okawaru
  7445 | D:7      | Noticed Dowan
  7466 | D:7      | Killed Duvessa
  7492 | D:6      | Reached XP level 10. HP: 64/79 MP: 10/10
  7553 | D:7      | Killed Dowan
  7984 | D:7      | Reached ** piety under Okawaru
  9329 | D:8      | Noticed Psyche
  9353 | D:8      | Killed Psyche
  9481 | D:7      | Reached *** piety under Okawaru
  9524 | D:8      | Found a basalt altar of Yredelemnul.
  9562 | D:8      | Noticed Pikel
  9620 | D:7      | Killed Pikel
  9637 | D:8      | Noticed Erica
  9765 | D:8      | HP: 3/82 [something (5)]
  9765 | D:8      | HP: 1/82 [something (2)]
  9766 | D:8      | Succumbed to Erica's bolt of poison

Illustrated notes

Levels and vault maps discovered:
D:1:      scummos_arrival_forest, layout_loops_cross
D:2:      layout_rooms, basic_altar
D:3:      layout_basic, portal_sewer_entry_a, shapermc_ecumenical_altar_ellora
D:4:      layout_rooms, nicolae_ashenzari_panopticon, grunt_decor_mini_mirrors,
          chequers_garden, minmay_fractal_squares_5
D:5:      layout_basic, trog_book, corexii_hall_statues_deadend,
          nicolae_concentric_dashed_squares_wild, uniq_eustachio, uniq_edmund,
          uniq_blork_the_orc
D:6:      layout_cave_pods, temple_green
D:7:      minmay_the_grid_octo_tiled_squarecenter
          [minmay_the_grid_octo_pinwheel, minmay_the_grid_octo_odd_swirl,
          minmay_the_grid_octo_checkerflower,
          minmay_the_grid_octo_vomiting_pacman,
          minmay_the_grid_square_5x5_megaprize_hollow,
          minmay_the_grid_square_5x5_inset, minmay_the_grid_square_5x5_v,
          minmay_the_grid_square_5x5_beaten_path,
          minmay_the_grid_square_5x5_minivault], layout_basic,
          chequers_mini_garden, uniq_prince_ribbit1, uniq_duvessa, uniq_menkaure
D:8:      layout_cave_pools, lemuel_round_altar, grunt_qazlal_clouds,
          uniq_psyche, uniq_pikel, uniq_erica
Temple:   eino_narrow_crystal_temple

Skill      XL: |  1  2  3  4  5  6  7  8  9 10 |
---------------+-------------------------------+-----
Long Blades    | 3 4 5 6 8 |  8.0
Fighting       | 4 5 6 7 8 |  8.4
Armour         | 4 5 6 7 8 |  8.3
Shields        | 4 5 6 7 8 |  8.4

Action                     |  1- 3 |  4- 6 |  7- 9 | 10-12 || total
---------------------------+-------+-------+-------+-------++-------
  Melee: Long sword        |   125 |   263 |   460 |   378 ||  1226
  Throw: Dart              |       |     5 |     6 |    12 ||    23
    Use: Scroll            |       |     9 |     8 |     5 ||    22
         Potion            |       |       |     1 |       ||     1
 Armour: Scale mail        |    88 |   138 |   269 |    96 ||   591
         Chain mail        |       |       |       |    76 ||    76
  Dodge: Dodged            |    64 |   134 |   169 |    77 ||   444
  Block: Buckler           |    36 |    74 |    51 |       ||   161
         Tower shield      |       |       |   255 |   263 ||   518

Table legend: (Time is in decaauts)
 A = Elapsed time spent in this place.
 B = Non-inter-level travel time spent in this place.
 C = Inter-level travel time spent in this place.
 D = Time resting spent in this place.
 E = Time spent auto-exploring this place.
 F = Levels seen in this place.
 G = Mean time per level.
                   A        B        C        D        E       F      G
               +--------+--------+--------+--------+--------+-----+--------+
         Total |  10276 |   9913 |    363 |   2177 |   4706 |  10 | 1027.6 |
       Dungeon |   9579 |   9231 |    348 |   2177 |   4283 |   8 | 1197.4 |
        Temple |     37 |     23 |     14 |      0 |     15 |   1 |   37.0 |
         Sewer |    659 |    659 |      0 |      0 |    407 |   1 |  659.0 |
               +--------+--------+--------+--------+--------+-----+--------+

Top non-repeatable levels by time:
     D:7: 2173 daAuts
     D:6: 1933 daAuts
     D:3: 1243 daAuts
     D:5: 1216 daAuts
     D:4: 1146 daAuts
     D:1: 847 daAuts
     D:2: 772 daAuts
   Sewer: 659 daAuts
     D:8: 246 daAuts
  Temple: 37 daAuts
